General information
- name: BNet
- type: Ladder team game (AT/RT)
- host: Battle.net
- saver: awduwu921q47891
map: DragonFalls
- players: 8
- length: 74:26
- speed: Fast
- version: 1.26 W3XP
- replay type: Public
» download(334 KB)
Players
team 1 (loser)

»
Dunno678 (
blue | 86 APM | 4623 actions | 53:46)
5 Archmage
3 Summon Water Elemental
2 Brilliance Aura
3 Paladin
2 Holy Light
1 Divine Shield
1 Shadow Hunter
1 Healing Wave
» actions
| Assign group hotkey | 96 | |
| Basic commands | 131 | |
| Build / train | 120 | |
| Enter build submenu | 42 | |
| Enter hero's abilities submenu | 9 | |
| Give item / drop item | 3 | |
| Right click | 2316 | |
| Select / deselect | 525 | |
| Select group hotkey | 1147 | |
| Use ability | 234 | |
4623 total
» units
| Peasant | 23 | |
| Footman | 9 | |
| Spell Breaker | 2 | |
| Flying Machine | 10 | |
| Green Drake | 2 | |
| Siege Engine | 12 | |
58 total
» upgrades
| Masonry | 2 | |
| Plating | 3 | |
| Lumber Harvesting | 1 | |
| Flak Cannons | 1 | |
| Gunpowder | 3 | |
| Flying Machine Bombs | 1 | |
| Priest Training | 1 | |
| Barrage | 1 | |
13 total
» buildings
| Lumber Mill | 1 | |
| Altar of Kings | 1 | |
| Farm | 11 | |
| Barracks | 1 | |
| Scout Tower | 20 | |
| Arcane Tower | 4 | |
| Town Hall | 5 | |
| Guard Tower | 16 | |
| Keep | 2 | |
| Castle | 2 | |
| Blacksmith | 1 | |
| Arcane Sanctum | 2 | |
| Arcane Vault | 1 | |
| Workshop | 4 | |
| Stronghold | 2 | |
| Tree of Life | 1 | |
74 total
» build order
00:23 Lumber Mill
00:36 Altar of Kings
00:51 Farm
01:08 Barracks
01:16 Farm
01:46 Farm
01:56 Scout Tower
02:17 Farm
02:23 Arcane Tower
04:09 Town Hall
04:16 Scout Tower
04:18 Scout Tower
04:20 Scout Tower
04:22 Scout Tower
04:23 Scout Tower
04:28 Scout Tower
04:38 Scout Tower
04:39 Scout Tower
04:59 Arcane Tower
05:15 Scout Tower
05:17 Scout Tower
05:18 Scout Tower
05:19 Scout Tower
05:20 Scout Tower
05:25 Scout Tower
05:27 Scout Tower
05:42 Guard Tower
05:43 Guard Tower
06:18 Farm
06:41 Guard Tower
06:50 Guard Tower
07:04 Keep
07:04 Keep
07:05 Guard Tower
07:06 Guard Tower
07:07 Guard Tower
07:08 Guard Tower
07:27 Guard Tower
07:28 Guard Tower
07:29 Guard Tower
08:03 Guard Tower
08:05 Arcane Tower
08:16 Guard Tower
08:19 Farm
08:20 Farm
08:21 Farm
08:22 Farm
08:44 Scout Tower
08:47 Scout Tower
09:22 Scout Tower
09:24 Scout Tower
10:01 Castle
10:02 Castle
10:03 Guard Tower
10:06 Blacksmith
10:10 Arcane Sanctum
10:13 Arcane Sanctum
10:19 Farm
10:20 Farm
10:52 Arcane Vault
11:32 Workshop
11:38 Workshop
12:15 Workshop
12:21 Guard Tower
12:22 Guard Tower
21:49 Stronghold
26:44 Town Hall
30:09 Workshop
32:01 Town Hall
34:20 Tree of Life
38:23 Town Hall
48:27 Town Hall
» items
| Scroll of Town Portal | 3 | |
| Potion of Healing | 1 | |
| Potion of Lesser Invulnerability | 2 | |
6 total

»
klingonwarrior (
teal | 58 APM | 1315 actions | 22:48)
3 Demon Hunter
2 Mana Burn
1 Evasion
» actions
| Assign group hotkey | 24 | |
| Build / train | 66 | |
| ESC pressed | 5 | |
| Enter build submenu | 38 | |
| Enter hero's abilities submenu | 3 | |
| Give item / drop item | 2 | |
| Right click | 450 | |
| Select / deselect | 381 | |
| Select group hotkey | 267 | |
| Use ability | 79 | |
1315 total
» units
| Wisp | 30 | |
| Huntress | 11 | |
| Archer | 4 | |
| Goblin Shredder | 1 | |
| Dryad | 3 | |
| Hippogryph | 4 | |
| Troll Batrider | 3 | |
56 total
» buildings
| Moon Well | 7 | |
| Altar of Elders | 1 | |
| Ancient of War | 2 | |
| Hunter's Hall | 1 | |
| Ancient of Wonders | 3 | |
| Ancient Protector | 8 | |
| Tree of Ages | 2 | |
| Tree of Life | 2 | |
| Ancient of Lore | 2 | |
| Ancient of Wind | 3 | |
31 total
» build order
00:18 Moon Well
00:31 Altar of Elders
01:26 Moon Well
01:57 Ancient of War
02:00 Hunter's Hall
02:23 Ancient of War
02:32 Ancient of Wonders
03:06 Moon Well
03:50 Ancient of Wonders
04:07 Moon Well
04:31 Ancient of Wonders
04:46 Ancient Protector
05:36 Ancient Protector
05:58 Ancient Protector
06:28 Ancient Protector
07:39 Tree of Ages
08:19 Moon Well
08:39 Ancient Protector
09:43 Tree of Life
09:45 Ancient Protector
09:47 Ancient Protector
09:48 Ancient Protector
12:58 Tree of Ages
13:08 Moon Well
15:22 Ancient of Lore
15:26 Ancient of Wind
15:28 Ancient of Lore
15:30 Ancient of Wind
17:31 Moon Well
19:23 Ancient of Wind
22:33 Tree of Life
» items
| Dust of Appearance | 2 | |
| Lesser Clarity Potion | 1 | |
| Healing Salve | 1 | |
4 total
CuddlyCactus (
pink | 38 APM | 2097 actions | 55:05)
7 Blademaster
3 Wind Walk
3 Critical Strike
1 Bladestorm
» actions
| Assign group hotkey | 18 | |
| Basic commands | 117 | |
| Build / train | 84 | |
| Enter build submenu | 55 | |
| Enter hero's abilities submenu | 9 | |
| Give item / drop item | 6 | |
| Remove unit from queue | 2 | |
| Right click | 931 | |
| Select / deselect | 443 | |
| Select group hotkey | 209 | |
| Use ability | 223 | |
2097 total
» units
| Peon | 13 | |
| Grunt | 4 | |
| Goblin Shredder | 1 | |
| Goblin Zeppelin | 3 | |
| Furbolg Shaman | 1 | |
| Green Dragon | 8 | |
| Goblin Sapper | 4 | |
34 total
» upgrades
| Ranged Weapons | 3 | |
| Armor | 3 | |
| Reinforced Defenses | 1 | |
| Liquid Fire | 1 | |
| Envenomed Spears | 1 | |
| Spiked Barricades | 1 | |
10 total
» buildings
| Orc Burrow | 6 | |
| Altar of Storms | 1 | |
| Barracks | 1 | |
| War Mill | 1 | |
| Voodoo Lounge | 3 | |
| Great Hall | 3 | |
| Watch Tower | 33 | |
| Stronghold | 1 | |
| Fortress | 1 | |
| Beastiary | 4 | |
| Moon Well | 4 | |
58 total
» build order
00:09 Orc Burrow
00:37 Orc Burrow
00:54 Altar of Storms
01:10 Barracks
02:37 War Mill
02:47 Orc Burrow
03:05 Voodoo Lounge
04:02 Orc Burrow
05:38 Great Hall
05:54 Watch Tower
05:55 Watch Tower
05:57 Watch Tower
06:02 Watch Tower
06:05 Watch Tower
07:40 Stronghold
08:16 Watch Tower
08:17 Watch Tower
08:17 Watch Tower
08:22 Watch Tower
08:22 Watch Tower
08:24 Watch Tower
08:25 Watch Tower
08:58 Orc Burrow
10:55 Orc Burrow
11:28 Fortress
16:26 Watch Tower
16:28 Watch Tower
16:31 Watch Tower
16:33 Watch Tower
16:35 Watch Tower
16:44 Voodoo Lounge
17:38 Watch Tower
17:40 Watch Tower
17:44 Watch Tower
17:46 Watch Tower
17:47 Watch Tower
19:31 Beastiary
19:33 Beastiary
19:35 Beastiary
19:37 Beastiary
26:28 Great Hall
26:33 Watch Tower
26:33 Watch Tower
26:33 Watch Tower
26:34 Watch Tower
28:58 Great Hall
29:03 Watch Tower
29:03 Watch Tower
29:04 Watch Tower
29:05 Watch Tower
29:05 Watch Tower
29:06 Voodoo Lounge
30:24 Watch Tower
30:24 Watch Tower
30:27 Moon Well
30:30 Moon Well
30:31 Moon Well
30:34 Moon Well
» items
| Healing Salve | 5 | |
| Lesser Clarity Potion | 4 | |
| Scroll of Town Portal | 6 | |
| Boots of Speed | 1 | |
| Periapt of Vitality | 1 | |
| Staff of Teleportation | 2 | |
| Potion of Healing | 5 | |
| Potion of Mana | 3 | |
| Orb of Lightning | 1 | |
28 total

»
NecroWendy (
yellow | 37 APM | 727 actions | 19:51)
4 Shadow Hunter
2 Healing Wave
2 Serpent Ward
1 Tauren Chieftain
1 Endurance Aura
» actions
| Assign group hotkey | 7 | |
| Basic commands | 81 | |
| Build / train | 77 | |
| Enter build submenu | 34 | |
| Enter hero's abilities submenu | 5 | |
| Give item / drop item | 1 | |
| Remove unit from queue | 1 | |
| Right click | 179 | |
| Select / deselect | 158 | |
| Select group hotkey | 106 | |
| Use ability | 78 | |
727 total
» units
| Peon | 34 | |
| Grunt | 5 | |
| Wind Rider | 2 | |
| Raider | 3 | |
| Shaman | 1 | |
| Troll Witch Doctor | 1 | |
46 total
» upgrades
| Pillage | 1 | |
| Spiked Barricades | 2 | |
| Armor | 2 | |
| Witch Doctor Training | 3 | |
| Shaman Training | 2 | |
| Ensnare | 1 | |
| Melee Weapons | 1 | |
12 total
» buildings
| Altar of Storms | 1 | |
| Orc Burrow | 7 | |
| Barracks | 1 | |
| Voodoo Lounge | 1 | |
| War Mill | 1 | |
| Stronghold | 1 | |
| Great Hall | 3 | |
| Beastiary | 3 | |
| Spirit Lodge | 2 | |
| Fortress | 3 | |
| Watch Tower | 13 | |
36 total
» build order
00:23 Altar of Storms
00:29 Orc Burrow
00:40 Barracks
02:05 Orc Burrow
02:11 Voodoo Lounge
02:17 Orc Burrow
02:44 Orc Burrow
05:02 War Mill
05:52 Stronghold
06:47 Great Hall
08:22 Beastiary
08:25 Beastiary
08:32 Spirit Lodge
08:37 Spirit Lodge
09:01 Fortress
09:01 Fortress
09:02 Fortress
09:13 Beastiary
11:15 Orc Burrow
11:20 Orc Burrow
11:29 Great Hall
11:37 Watch Tower
11:46 Watch Tower
12:27 Watch Tower
12:53 Watch Tower
13:19 Orc Burrow
15:26 Great Hall
15:57 Watch Tower
16:03 Watch Tower
16:10 Watch Tower
16:33 Watch Tower
17:07 Watch Tower
17:15 Watch Tower
17:30 Watch Tower
17:39 Watch Tower
18:13 Watch Tower
» items
| Lesser Clarity Potion | 1 | |
| Scroll of Speed | 2 | |
| Dust of Appearance | 1 | |
| Scroll of Town Portal | 1 | |
5 total
team 2 (winner)
AliveToKill (
green | 36 APM | 1660 actions | 46:16)
6 Demon Hunter
3 Mana Burn
2 Immolation
1 Metamorphosis
» actions
| Assign group hotkey | 3 | |
| Basic commands | 2 | |
| Build / train | 60 | |
| Enter build submenu | 19 | |
| Enter hero's abilities submenu | 6 | |
| Give item / drop item | 2 | |
| Right click | 1026 | |
| Select / deselect | 477 | |
| Use ability | 65 | |
1660 total
» units
| Wisp | 14 | |
| Archer | 6 | |
| Chimaera | 4 | |
| Hippogryph | 15 | |
39 total
» upgrades
| Corrosive Breath | 1 | |
| Strength of the Wild | 1 | |
| Reinforced Hides | 1 | |
3 total
» buildings
| Altar of Elders | 1 | |
| Moon Well | 8 | |
| Ancient of War | 1 | |
| Tree of Ages | 1 | |
| Hunter's Hall | 1 | |
| Ancient of Wind | 1 | |
| Tree of Eternity | 1 | |
| Ancient of Wonders | 1 | |
| Chimaera Roost | 3 | |
| Tree of Life | 2 | |
20 total
» build order
00:06 Altar of Elders
00:10 Moon Well
01:05 Ancient of War
01:28 Moon Well
02:54 Tree of Ages
03:00 Moon Well
03:57 Moon Well
04:29 Hunter's Hall
05:10 Moon Well
05:46 Ancient of Wind
06:05 Moon Well
06:24 Tree of Eternity
06:58 Moon Well
07:50 Ancient of Wonders
08:53 Chimaera Roost
08:55 Chimaera Roost
08:57 Chimaera Roost
16:24 Moon Well
19:51 Tree of Life
26:04 Tree of Life
» items
| Healing Salve | 2 | |
| Scroll of Town Portal | 3 | |
| Potion of Lesser Invulnerability | 1 | |
| Moonstone | 1 | |
| Orb of Venom | 1 | |
| Potion of Healing | 1 | |
9 total
Latosha (
red | 34 APM | 1614 actions | 47:22)
5 Blademaster
2 Wind Walk
3 Critical Strike
6 Tauren Chieftain
2 War Stomp
3 Endurance Aura
1 Reincarnation
» actions
| Assign group hotkey | 216 | |
| Basic commands | 95 | |
| Build / train | 72 | |
| ESC pressed | 2 | |
| Enter build submenu | 30 | |
| Enter hero's abilities submenu | 11 | |
| Give item / drop item | 2 | |
| Remove unit from queue | 2 | |
| Right click | 389 | |
| Select / deselect | 377 | |
| Select group hotkey | 298 | |
| Use ability | 120 | |
1614 total
» units
| Peon | 14 | |
| Grunt | 10 | |
| Troll Witch Doctor | 5 | |
| Kodo Beast | 2 | |
| Tauren | 3 | |
34 total
» upgrades
| Pillage | 1 | |
| Berserker Strength | 1 | |
| Witch Doctor Training | 2 | |
| Armor | 1 | |
| Shaman Training | 1 | |
| War Drums Damage Increase | 1 | |
| Melee Weapons | 1 | |
8 total
» buildings
| Altar of Storms | 1 | |
| Orc Burrow | 6 | |
| Voodoo Lounge | 1 | |
| Barracks | 1 | |
| War Mill | 1 | |
| Stronghold | 1 | |
| Fortress | 1 | |
| Spirit Lodge | 1 | |
| Watch Tower | 8 | |
| Tauren Totem | 1 | |
| Beastiary | 1 | |
| Great Hall | 1 | |
24 total
» build order
00:10 Altar of Storms
00:14 Orc Burrow
00:23 Voodoo Lounge
01:27 Barracks
01:45 Orc Burrow
02:56 War Mill
03:12 Stronghold
03:57 Orc Burrow
05:37 Fortress
05:53 Spirit Lodge
07:15 Orc Burrow
08:32 Watch Tower
08:43 Watch Tower
10:20 Tauren Totem
11:31 Beastiary
15:12 Orc Burrow
22:41 Watch Tower
22:44 Watch Tower
22:57 Watch Tower
23:01 Watch Tower
23:05 Watch Tower
23:27 Watch Tower
26:08 Orc Burrow
28:57 Great Hall
» items
| Healing Salve | 4 | |
| Lesser Clarity Potion | 3 | |
| Scroll of Speed | 1 | |
| Tiny Great Hall | 1 | |
| Orb of Lightning | 2 | |
| Potion of Healing | 1 | |
| Potion of Mana | 1 | |
13 total
awduwu921q47891 (
purple | 49 APM | 3667 actions | 74:26)
9 Blademaster
3 Wind Walk
3 Critical Strike
1 Bladestorm
2 Mirror Image
» actions
| Assign group hotkey | 194 | |
| Basic commands | 24 | |
| Build / train | 139 | |
| ESC pressed | 1 | |
| Enter build submenu | 49 | |
| Enter hero's abilities submenu | 9 | |
| Give item / drop item | 5 | |
| Right click | 1948 | |
| Select / deselect | 359 | |
| Select group hotkey | 642 | |
| Use ability | 297 | |
3667 total
» units
| Peon | 17 | |
| Grunt | 8 | |
| Wind Rider | 8 | |
| Goblin Shredder | 3 | |
| Raider | 2 | |
| Kodo Beast | 1 | |
| Troll Headhunter/Berserker | 2 | |
41 total
» upgrades
| Armor | 3 | |
| Berserker Strength | 1 | |
| Pillage | 1 | |
| Ranged Weapons | 3 | |
| Reinforced Defenses | 1 | |
| Envenomed Spears | 1 | |
| Ensnare | 1 | |
| Spiked Barricades | 3 | |
| Troll Regeneration | 1 | |
| Melee Weapons | 2 | |
| Berserker Upgrade | 1 | |
18 total
» buildings
| Orc Burrow | 8 | |
| Altar of Storms | 2 | |
| Barracks | 1 | |
| War Mill | 1 | |
| Voodoo Lounge | 2 | |
| Stronghold | 6 | |
| Great Hall | 4 | |
| Watch Tower | 30 | |
| Beastiary | 4 | |
| Fortress | 6 | |
64 total
» build order
00:09 Orc Burrow
01:02 Altar of Storms
01:05 Barracks
01:19 Orc Burrow
02:10 Orc Burrow
02:39 War Mill
03:33 Voodoo Lounge
04:20 Stronghold
04:21 Stronghold
05:19 Great Hall
05:23 Great Hall
06:01 Watch Tower
06:24 Watch Tower
06:26 Watch Tower
06:52 Watch Tower
08:18 Watch Tower
08:45 Beastiary
10:38 Beastiary
13:19 Fortress
13:19 Fortress
13:33 Great Hall
13:50 Watch Tower
13:50 Watch Tower
13:54 Watch Tower
13:55 Watch Tower
13:56 Watch Tower
16:18 Watch Tower
16:19 Watch Tower
16:20 Watch Tower
16:21 Watch Tower
16:29 Watch Tower
16:30 Watch Tower
20:08 Beastiary
20:08 Beastiary
23:12 Watch Tower
23:13 Watch Tower
25:22 Orc Burrow
25:24 Orc Burrow
25:24 Orc Burrow
25:26 Stronghold
25:27 Stronghold
29:42 Altar of Storms
29:52 Orc Burrow
29:53 Orc Burrow
30:44 Great Hall
30:47 Watch Tower
30:47 Watch Tower
30:49 Watch Tower
30:50 Watch Tower
30:52 Watch Tower
30:53 Watch Tower
30:54 Watch Tower
30:55 Watch Tower
32:14 Watch Tower
32:15 Watch Tower
32:15 Watch Tower
32:18 Watch Tower
33:31 Voodoo Lounge
34:00 Fortress
34:00 Fortress
» items
| Healing Salve | 10 | |
| Lesser Clarity Potion | 6 | |
| Boots of Speed | 3 | |
| Scroll of Town Portal | 4 | |
| Orb of Lightning | 1 | |
| Potion of Mana | 2 | |
| Periapt of Vitality | 1 | |
| Scroll of Healing | 1 | |
28 total
LionandtheCub (
orange | 63 APM | 3479 actions | 55:05)
7 Blademaster
3 Wind Walk
3 Critical Strike
1 Bladestorm
» actions
| Assign group hotkey | 65 | |
| Basic commands | 43 | |
| Build / train | 68 | |
| Enter build submenu | 13 | |
| Enter hero's abilities submenu | 7 | |
| Remove unit from queue | 1 | |
| Right click | 1754 | |
| Select / deselect | 320 | |
| Select group hotkey | 1074 | |
| Use ability | 134 | |
3479 total
» units
| Peon | 8 | |
| Troll Batrider | 18 | |
| Wind Rider | 4 | |
| Raider | 3 | |
33 total
» upgrades
| Ranged Weapons | 3 | |
| Liquid Fire | 1 | |
| Reinforced Defenses | 1 | |
| Spiked Barricades | 0 | |
| Armor | 2 | |
| Envenomed Spears | 1 | |
| Ensnare | 1 | |
| Melee Weapons | 2 | |
| Pillage | 1 | |
12 total
» buildings
| Altar of Storms | 1 | |
| Orc Burrow | 6 | |
| Voodoo Lounge | 1 | |
| War Mill | 1 | |
| Stronghold | 1 | |
| Watch Tower | 9 | |
| Beastiary | 4 | |
| Fortress | 2 | |
25 total
» build order
00:06 Altar of Storms
00:23 Orc Burrow
00:51 Voodoo Lounge
01:35 War Mill
02:14 Stronghold
02:50 Watch Tower
02:51 Watch Tower
02:52 Watch Tower
04:18 Orc Burrow
04:43 Beastiary
04:43 Beastiary
04:46 Fortress
05:23 Beastiary
06:27 Orc Burrow
07:04 Orc Burrow
12:12 Watch Tower
12:12 Watch Tower
12:12 Watch Tower
12:13 Watch Tower
12:14 Watch Tower
12:14 Watch Tower
15:30 Beastiary
21:46 Orc Burrow
21:46 Orc Burrow
» items
| Lesser Clarity Potion | 3 | |
| Healing Salve | 2 | |
| Staff of Teleportation | 1 | |
| Orb of Lightning | 1 | |
| Potion of Mana | 1 | |
| Boots of Speed | 1 | |
9 total
Chat log
(00:14 / Allies) AliveToKill: 3 bm harass??
(00:17 / Allies) Latosha: k
(00:17 / Allies) LionandtheCub: k
(00:32 / Allies) LionandtheCub: bm here
(00:48 / Allies) Latosha: units?
(00:54 / Allies) awduwu921q47891: yeah
(00:58 / All) LionandtheCub: everyoen get wut they wanted for xmas
(01:03 / Allies) Latosha: ok
(01:28 / All) CuddlyCactus: I wanted an Equus Bass 770, and haven't gotten one from Santa yet
(01:29 / All) CuddlyCactus: So no
(01:40 / Allies) AliveToKill: sending dh there right away
(01:42 / All) klingonwarrior: play bass?
(01:43 / All) LionandtheCub: is that fihsing shit
(01:48 / All) CuddlyCactus: It's a car
(01:55 / All) klingonwarrior: ok
(01:57 / All) Latosha: lmao
(02:24 / Allies) Latosha: omw
(02:39 / Allies) AliveToKill: wtf is my dh doing?
(02:42 / Allies) AliveToKill: i sent up top
(02:44 / Allies) awduwu921q47891: GOODF QUESITOPN NIGGA
(02:48 / Allies) awduwu921q47891: WC3 pathfinding is pro
(02:53 / Allies) Latosha: lmao
(03:00 / Allies) LionandtheCub: i was like wtf its doing too
(03:08 / Allies) AliveToKill: lmao
(03:59 / All) LionandtheCub: fucking yellow
(04:00 / Allies) AliveToKill: heal me
(04:00 / Allies) LionandtheCub: go away
(04:04 / All) LionandtheCub: mind ur own business
(04:15 / All) NecroWendy: ^^
(04:22 / Allies) AliveToKill: ty
(04:30 / Allies) Latosha: again?
(04:32 / Allies) Latosha: i guess?
(04:35 / Allies) AliveToKill: yea
(04:44 / Allies) AliveToKill: new building
(05:01 / Allies) Latosha: gj
(05:07 / Allies) AliveToKill: well
(05:32 / Allies) Latosha: fuck
(05:33 / Allies) Latosha: ugh
(06:05 / Allies) Latosha: ill go tauren, docs
(06:11 / Allies) Latosha: gonna take
(06:19 / Allies) AliveToKill: sure
(06:49 / Allies) AliveToKill: nigga oj u just left that?
(07:56 / Allies) LionandtheCub: wood
(09:16 / Allies) Latosha: tp or no
(09:18 / Allies) awduwu921q47891: tp
(09:18 / Allies) awduwu921q47891: tp
(09:47 / Allies) Latosha: anyone???
(09:47 / Allies) awduwu921q47891: ty
(09:59 / Allies) Latosha: not yet...
(10:35 / Allies) Latosha: about to get tauren
(10:41 / All) CuddlyCactus: really needed shoes lol
(10:48 / All) AliveToKill: loool
(10:58 / Allies) Latosha: hit that?
(12:01 / Allies) LionandtheCub: i need u guys to distract so ic an take out a base
(13:30 / Allies) LionandtheCub: hit top
(13:40 / All) awduwu921q47891: YEAH TOTALLY
(13:40 / Allies) awduwu921q47891: k
(13:50 / All) CuddlyCactus: aa?
(13:56 / Allies) Latosha: healing wards
(14:14 / All) CuddlyCactus: help?
(14:34 / Allies) AliveToKill: im b
(14:35 / All) CuddlyCactus: aw bullshit
(14:36 / All) CuddlyCactus: fucking delay
(14:51 / All) CuddlyCactus: I used my pot
(14:55 / All) CuddlyCactus: but had a lag spike
(15:03 / Allies) Latosha: sigh
(15:48 / Allies) LionandtheCub: HIT TOP RETARDS
(15:51 / Allies) LionandtheCub: quit hitting bottom
(16:07 / Allies) awduwu921q47891: YEAH
(16:13 / Allies) Latosha: top?
(16:23 / Allies) LionandtheCub: get here green backdoor their bases fool
(17:06 / All) CuddlyCactus: wasted pot lawl
(17:19 / Allies) LionandtheCub: make towers hit u ill take out hall
(17:52 / Allies) AliveToKill: howe we doing?
(20:44 / All) Dunno678: omfg
(22:02 / Allies) Latosha: ?
(22:08 / Allies) AliveToKill: mass towers
(23:34 / Allies) awduwu921q47891: I DONT BELIEVE IN REINCARNATION
(24:04 / Allies) Latosha: ...
(24:38 / Allies) awduwu921q47891: GREEN
(24:39 / Allies) awduwu921q47891: RED
(24:40 / Allies) Latosha: fucking pathetic..
(24:42 / Allies) awduwu921q47891: YOUR WIN IS FORFEIT
(24:47 / All) LionandtheCub: green wtf
(24:48 / All) LionandtheCub: green tked
(24:53 / All) awduwu921q47891: THIS IS WHAT YOU GET
(24:54 / All) awduwu921q47891: FOR TKING US
(24:57 / All) awduwu921q47891: AND BEING A DICK
(25:03 / All) awduwu921q47891: I AM FILING A RERPORT AGAINST GREEN
(25:07 / Allies) AliveToKill: wtf?
(25:12 / All) awduwu921q47891: HOYL FUCK NIGGER THATS A LOT OF TANKS
(25:20 / Allies) Latosha: funny.
(26:42 / Allies) Latosha: do they have robots that play war3?
(26:51 / Allies) Latosha: This is why War3 is a fucking joke.
(27:08 / Allies) Latosha: now theyre both massing raiders.
(27:16 / Allies) awduwu921q47891: YOU
(27:18 / Allies) awduwu921q47891: ARE A RPBPT
(27:21 / Allies) awduwu921q47891: ROBOATS ADIMCOI
(27:23 / Allies) awduwu921q47891: YOU FUCK
(27:50 / All) CuddlyCactus: Damn it, BOBBy
(28:08 / All) awduwu921q47891: BLUE
(28:10 / All) awduwu921q47891: UR HEROES LIFE IS DFORFEIT
(28:16 / All) awduwu921q47891: FORFERED AFRAN IS DEAD
(29:10 / Allies) Latosha: lmao
(29:18 / All) CuddlyCactus: GOT HEEM
(29:21 / All) AliveToKill: he's all i had :(
(29:34 / Allies) Latosha: all the peons standing still.
(29:36 / All) awduwu921q47891: DAY IS COMING
(29:37 / All) awduwu921q47891: DAY IS COMING
(29:59 / All) Dunno678: lol
(30:00 / All) Latosha: LMAO!
(30:07 / Allies) AliveToKill: gold me for hero
(30:08 / Allies) AliveToKill: plz
(30:13 / All) awduwu921q47891: LOL
(30:14 / All) Latosha: All mass wyverns / raiders now.
(30:14 / All) awduwu921q47891: ARWI(DAWDIOP
(30:15 / All) awduwu921q47891: I RED
(30:17 / All) awduwu921q47891: YOUI RED
(30:20 / All) awduwu921q47891: YOU KNOW WAHT I DO U TO URED?
(30:22 / All) LionandtheCub: im not stupid
(30:30 / Allies) AliveToKill: gold for hero
(30:31 / Allies) AliveToKill: 200
(30:32 / Allies) Latosha: lolz.
(30:37 / Allies) awduwu921q47891: LOZALSWL URSELF!
(30:48 / Allies) Latosha: lolz
(31:09 / Allies) AliveToKill: no wells, can;'t make
(31:10 / Allies) AliveToKill: fuck
(31:13 / Allies) AliveToKill: who gave me the gold?
(31:23 / Allies) Latosha: me. You're the only other person in here, hey? You and blue.
(31:26 / Allies) awduwu921q47891: LOL
(31:30 / Allies) awduwu921q47891: NO WELLS BITCH!
(31:35 / Allies) AliveToKill: who tk'd man?????
(33:10 / All) CuddlyCactus: What a lovely day
(35:09 / All) Latosha: lolz.
(37:17 / Allies) AliveToKill: orange get boots lmao
(37:26 / Allies) awduwu921q47891: AEYUWEAHAD
(37:28 / All) awduwu921q47891: ARI
(37:29 / Allies) awduwu921q47891: LOL
(38:31 / All) awduwu921q47891: BLUE
(38:34 / All) awduwu921q47891: IS LIKE AM ACHINE
(38:38 / All) awduwu921q47891: HE KEEPWAS TRYINGawd
(38:53 / All) Dunno678: I MACHINE SCYNET
(38:58 / All) awduwu921q47891: YAEWEA
(39:01 / All) awduwu921q47891: YOU FUACKSWING ARE
(39:04 / All) awduwu921q47891: YOU LITTLE BITCH
(39:09 / All) Dunno678: LOL
(39:12 / All) Dunno678: NO MANNER
(39:18 / All) awduwu921q47891: YOU FUCKED
(40:41 / All) Latosha: Blue and yellow. leabe game plz. I'll AT with u guys and go 2-0 to make up for it.
(40:57 / All) Dunno678: lol pink make 12 gold)
(41:04 / All) awduwu921q47891: YOU WOULD NEAT ME TO JADNW
(41:05 / All) CuddlyCactus: Red is good, 1 game over .500
(41:07 / All) awduwu921q47891: I FUCKING RAPE
(41:08 / All) Latosha: ?
(41:09 / All) awduwu921q47891: if YOU ADT
(41:25 / All) CuddlyCactus: YOU'RE A MEAN ONE MR GRINCH
(41:38 / All) awduwu921q47891: FUCK ONE SEC
(41:52 / All) CuddlyCactus: YOU REALLY ARE A HEEL
(41:57 / All) CuddlyCactus: YOU'RE AS CUDDLY AS A CACTUS
(42:01 / All) CuddlyCactus: YOU'RE AS A CHARMING AS AN EEL
(42:11 / All) CuddlyCactus: MR GRINCH, YOU'RE A BAD BANANA WITH A GREASY BLACK PEEL!
(42:25 / All) CuddlyCactus: YOU'RE A MONSTER MR GRINCH
(42:33 / All) CuddlyCactus: YOUR HEART'S AN EMPTY HOLE
(42:37 / All) CuddlyCactus: YOUR BRAIN IS FULL OF SPIDERS
(42:41 / All) CuddlyCactus: YOU GOT GARLIC IN YOUR SOUL
(42:55 / All) CuddlyCactus: MR GRINCH I WOULDn'T TOUCH YOU WTIH A 39 and a half FOOT POLE!
(43:50 / All) CuddlyCactus: Blue has 87 gold and is begging, psh
(43:56 / All) CuddlyCactus: He's not in the alms house yet
(44:55 / All) awduwu921q47891: I HAVE TO BRB
(44:56 / All) awduwu921q47891: BRB
(45:24 / All) awduwu921q47891: I GABVE JAKE COANTARAWORL AI H RB R
(45:26 / All) awduwu921q47891: BRBRBRBRBRBRBR
(45:27 / All) CuddlyCactus: Blue from CHINA
(45:34 / All) Dunno678: WHY?
(45:40 / All) CuddlyCactus: Where are you from blue?
(45:50 / All) Dunno678: WHY CHINA?
(45:56 / All) CuddlyCactus: Well where are you from?
(46:05 / All) Dunno678: )
(46:30 / All) CuddlyCactus: Are you from China?
(46:32 / All) Dunno678: RUSSIA
(46:49 / All) CuddlyCactus: What do you think of the great Donald Trump?
(47:09 / All) Dunno678: I THINK HE NEXT PREZIDENT
(47:15 / All) Dunno678: FUCKING NIGGER OBAMA
(47:17 / All) CuddlyCactus: I think so too
(47:24 / All) CuddlyCactus: I'm gonna vote for the first time!
(47:30 / All) Dunno678: NICE
(47:37 / All) LionandtheCub: isnt cruz leading trump tho
(47:42 / All) CuddlyCactus: no
(47:52 / All) LionandtheCub: saw it on google news he had 10 point lead over trump
(47:57 / All) CuddlyCactus: one poll from Iowa had him leading trump
(48:08 / All) CuddlyCactus: Iowa doesn't matter, and most polls have trump leading in iowa
(48:08 / All) Dunno678: FUCKING OBAMA I THINK 3 WORLD WAR BEGIN
(48:19 / All) CuddlyCactus: They can phrase the question in a certain way to get their desired result
(48:24 / All) CuddlyCactus: and then the media can spin it
(48:28 / All) CuddlyCactus: Doesn't mean shit
(48:39 / All) CuddlyCactus: Trump gonna win and the elite are scared
(48:43 / All) CuddlyCactus: We are tired of their malfeasance
(48:48 / All) CuddlyCactus: GO TRUMP!
(48:52 / All) Dunno678: NUKE DESTROY ALL WORLD
(52:20 / All) CuddlyCactus: GOODBYE CRUEL WORLD
(52:54 / All) CuddlyCactus: We didn't get any good chats really
(53:51 / All) CuddlyCactus: me team lose/
(53:53 / All) CuddlyCactus: ?